 Dungeon Crawl Stone Soup version 0.28.0-47-ge53b351184 (webtiles) character file.

Game seed: 16639739864957857801

78 firemarshallily the Conjurer (level 4, -4/27 HPs)
             Began as an Octopode Conjurer on May 5, 2022.
             Was a Follower of Vehumet.
             Slain by Natasha (8 damage)
             ... on level 1 of the Dungeon.
             The game lasted 00:05:54 (1985 turns).

firemarshallily the Conjurer (Octopode Conjurer)    Turns: 1985, Time: 00:05:55

Health: -4/27      AC:  1    Str:  6    XL:     4   Next: 36%
Magic:  0/8        EV: 13    Int: 22    God:    Vehumet [*.....]
Gold:   0          SH:  0    Dex: 10    Spells: 4/8 levels left

rFire   . . .      SeeInvis .   d - +0 whip
rCold   . . .      Faith    .   (no shield)
rNeg    . . .      Spirit   .   (helmet restricted)
rPois   .          Reflect  .   (no amulet)
rElec   .          Harm     .   (no ring)
rCorr   .          Rampage  .   (no ring)
Will    .....                   (no ring)
Stlth   +++.......              (no ring)
HPRegen 0.09/turn               (no ring)
MPRegen 0.11/turn               (no ring)
                                (no ring)
                                (no ring)

@: very slightly contaminated
A: almost no armour, amphibious, 8 rings, camouflage 1, gelatinous body 1,
(nimble swimmer 1), tentacles
a: Renounce Religion


You were on level 1 of the Dungeon.
You worshipped Vehumet.
Vehumet was aware of your devotion.
You visited 1 branch of the dungeon, and saw 2 of its levels.

Inventory:

Hand Weapons
 d - a +0 whip (weapon)
Missiles
 e - 47 stones
 f - 4 poisoned darts (quivered)
Scrolls
 b - a scroll of enchant armour {unknown}
Potions
 a - a potion of curing {unknown}
 c - 2 potions of heal wounds {unknown}
 g - 2 potions of lignification {unknown}


   Skills:
 - Level 2.0 Dodging
 - Level 2.6 Stealth
 + Level 2.8 Spellcasting
 * Level 5.2 Conjurations


You had 4 spell levels left.
You knew the following spells:

 Your Spells              Type           Power      Damage    Failure   Level
a - Magic Dart            Conj           100%       1d8       1%          1
b - Shock                 Conj/Air       56%        1d6       4%          1
c - Searing Ray           Conj           52%        2d6       2%          2

Your spell library contained the following spells:

 Spells                   Type           Power      Damage    Failure   Level
 Dazzling Flash           Conj/Hex       28%        N/A       13%         3
 Fulminant Prism          Conj/Hex       7%         3d7       38%         4
 Iskenderun's Mystic Bla  Conj/Tloc      14%        2d5       38%         4


Dungeon Overview and Level Annotations

Branches:
Dungeon (2/15)

Altars:
Vehumet

Annotations:
D:1 Natasha


Innate Abilities, Weirdness & Mutations

You cannot wear most types of armour.
You are amphibious.
You can wear up to eight rings at the same time.
Your skin changes colour to match your surroundings (Stealth+).
Your rubbery body absorbs attacks. (AC +1, EV +1)
((You are camouflaged when in or above water. (Stealth+)))
You have tentacles for arms and can constrict up to eight enemies at once.


Message History

The magic dart hits you!
Natasha mumbles some strange words.
Natasha mewls in sadness.
The white imp barely misses you. The white imp misses you.
Natasha closely misses you.
There is a stone staircase leading up here.
Natasha closely misses you.
You climb upwards.
The white imp disappears in a puff of smoke!
There is a stone staircase leading down here.
Aiming: Magic Dart (safe; 1% risk of failure)
Press: ? - help, Q - select action, (/) - cycle Shift-Dir - straight line, f - Natasha
Aim: Natasha (100% to hit)
The magic dart hits Natasha.
Natasha is lightly wounded.
Natasha misses you.
Aiming: Magic Dart (safe; 1% risk of failure)
Press: ? - help, Q - select action, (/) - cycle Shift-Dir - straight line, f/p - Natasha
Aim: Natasha (lightly wounded, 100% to hit)
You miscast Magic Dart.
You are very lightly contaminated with residual magic.
Nothing appears to happen.
Natasha claws you!
* * * LOW HITPOINT WARNING * * *
Throw: 6 darts (poison)
Press: ? - help, Q - select action, (/) - cycle Shift-Dir - straight line, f/p - Natasha
Aim: Natasha (lightly wounded, 45% to hit)
You throw a poisoned dart.
The poisoned dart closely misses Natasha.
Natasha wildly gestures.
Natasha shimmers violently.
Natasha closely misses you.
Throw: 5 darts (poison)
Press: ? - help, Q - select action, (/) - cycle Shift-Dir - straight line, f/p - Natasha
Aim: Natasha (lightly wounded, 45% to hit)
You throw a poisoned dart.
The poisoned dart barely misses Natasha.
Natasha claws you!
You die...

..........##..##.# #.# #.#
..........#.#..#.###### #.#####.#
...<.........#........# #........
..........#.#..#.####.###..##....
..........##..#.#.###.##...##.#.#
..........#....###.##.........#.#
.........##...#.#.######...####..
........###..###.## ##..######
.......## #..# #@# #........
###.#######..# #h# #.#######
.#...#.......# #.# ##'##
..#.#........# #.# ##...##
...#..##########.# ##.....##
.....## ##..# ##.......##
....##########...####.........###
................(...+.....†...'..
...###########...####.........##.


You could see Natasha.

Vanquished Creatures
  Natasha (D:2)
  A worm (D:2)
  3 dart slugs
  4 ball pythons (D:1)
  4 bats (D:1)
  4 endoplasms
  2 giant cockroaches (D:1)
  A hobgoblin (D:2)
  2 jackals (D:1)
  5 kobolds
  3 quokkas
  A frilled lizard (D:1)
  5 goblins
  4 rats
40 creatures vanquished.

Notes
Turn   | Place    | Note
-------+----------+-------------------------------------------
     0 | D:1      | firemarshallily the Octopode Conjurer began the quest for
                  | the Orb.
     0 | D:1      | Reached XP level 1. HP: 11/11 MP: 3/3
   223 | D:1      | Reached XP level 2. HP: 17/17 MP: 1/5
  1000 | D:1      | Reached XP level 3. HP: 21/21 MP: 4/6
  1075 | D:1      | Found a faded altar of an unknown god.
  1080 | D:1      | Prayed at the altar of an unknown god.
  1080 | D:1      | Became a worshipper of Vehumet
  1080 | D:1      | Reached * piety under Vehumet
  1080 | D:1      | Offered knowledge of Shock by Vehumet.
  1083 | D:1      | Learned a level 1 spell: Shock
  1086 | D:1      | Learned a level 2 spell: Searing Ray
  1952 | D:2      | Noticed Natasha
  1956 | D:2      | Killed Natasha
  1957 | D:2      | Reached skill level 5 in Conjurations
  1957 | D:2      | Reached XP level 4. HP: 27/27 MP: 1/8
  1970 | D:2      | Noticed Natasha
  1985 | D:1      | Slain by Natasha

Illustrated notes

Levels and vault maps discovered:
D:1:      psy_arrival_dodecagon, layout_loops_corners,
          dreamdust_ecumenical_altar_grove, chequers_serial_rivers_micro_d,
          columned_hall_lemuel
D:2:      layout_basic, uniq_robin, uniq_natasha

Skill      XL: |  1  2  3 |
---------------+----------+-----
Conjurations   | 5 |  5.2
Dodging        | |  2.0
Stealth        | |  2.6
Spellcasting   | |  2.8

Action                   |  1- 3 |  4- 6 || total
-------------------------+-------+-------++-------
Melee: Whip              |     2 |       ||     2
Throw: Dart              |       |     2 ||     2
 Cast: Magic Dart        |    84 |     3 ||    87
       Shock             |     2 |       ||     2
Dodge: Dodged            |     2 |     7 ||     9
